Canucks vs Wild

Created - 4 mars 2022 at 13:17

Goals
1 2 3 T
Canucks 0 0 1 1
Wild 1 2 1 4
Shots
1 2 3 T
Canucks 7 8 17 32
Wild 10 19 16 45

1st period

1. Wild , Adrian Kempe 13 (William Nylander 9, Jack Eichel 27) at 11:06

Penalties :
Cole Sillinger (VAN) for Hooking (Minor) at 8:09

2nd period

2. Wild , Alex DeBrincat 25 (Patrice Bergeron 42, Brad Marchand 42) at 15:04 (PP)
3. Wild , Brad Marchand 30 (Patrice Bergeron 43) at 16:01

Penalties :
Oscar Klefbom (VAN) for Slashing (Minor) at 13:32, Blake Wheeler (VAN) for Slashing (Double Minor) at 16:07

3rd period

4. Canucks , Dominik Kubalik 22 (Mika Zibanejad 45, Blake Wheeler 34) at 1:45 (PP)
5. Wild , Patrice Bergeron 29 (Devon Toews 25, Alex DeBrincat 35) at 2:43 (PP)

Penalties :
Alexander Edler (MIW) for High sticking (Minor) at 1:11, Matt Grzelcyk (VAN) for Hooking (Minor) at 2:23, Matt Grzelcyk (VAN) for Hooking (Minor) at 3:56, Dominik Kubalik (VAN) for Boarding (Minor) at 18:46

Goalie Stats

Ben Bishop (VAN), 41 saves from 45 shots - (0,911), L, 29-15-6, 60:00 minutes
Jake Oettinger (MIW), 31 saves from 32 shots - (0,969), W, 19-7-3, 60:00 minutes

Players Stats for Canucks

Player Name              G  A  P  +/- PIM S  H  SB GA TA FO     MP     PP MP  PK MP  
------------------------------------------------------------------------------------
Alex Killorn             0  0  0  -1  0   3  1  1  2  1  0/2    18:57   0:00   0:00 
Alex Tuch                0  0  0   0  0   0  0  0  0  0  0/0     0:00   0:00   0:00 
Blake Wheeler            0  1  1  -1  4   7  2  0  2  1  0/0    21:18   0:34   1:31 
Charlie McAvoy           0  0  0   0  0   0  0  0  0  1  0/0    12:58   0:00   1:41 
Cole Sillinger           0  0  0  -1  2   2  1  0  1  0  3/16   15:43   0:00   1:09 
Darnell Nurse            0  0  0   0  0   0  1  0  0  0  0/0    11:14   0:00   0:00 
Denis Gurianov           0  0  0  -1  0   0  0  2  0  0  0/0    15:11   0:00   0:56 
Dominik Kubalik          1  0  1   0  2   4  1  0  1  0  0/0    18:25   0:34   3:42 
Eetu Luostarinen         0  0  0  -1  0   1  1  0  0  0  1/1     6:18   0:00   0:43 
Erik Johnson             0  0  0  -1  0   1  1  0  0  3  0/0    26:08   0:00   4:49 
Gerald Mayhew            0  0  0   0  0   1  1  1  0  0  0/0     5:19   0:00   0:00 
Jason Dickinson          0  0  0   0  0   1  1  0  0  1  0/1    15:33   0:00   5:28 
Matt Grzelcyk            0  0  0  -1  4   1  0  2  1  0  0/0    21:49   0:34   5:23 
Mika Zibanejad           0  1  1   0  0   4  3  2  1  0  8/17   19:58   0:34   5:27 
Oscar Klefbom            0  0  0  -1  2   4  3  0  0  1  0/0    28:37   0:34   6:08 
Pierre Engvall           0  0  0   0  0   0  2  1  0  0  0/0    10:05   0:00   0:00 
Quinn Hughes             0  0  0  -1  0   1  1  0  0  1  0/0    19:14   0:00   4:03 
Ryan Getzlaf             0  0  0  -1  0   2  1  2  0  0  18/35  22:05   0:00   3:08 

Players Stats for Wild

Player Name              G  A  P  +/- PIM S  H  SB GA TA FO     MP     PP MP  PK MP  
------------------------------------------------------------------------------------
Adrian Kempe             1  0  1   1  0   2  0  0  0  1  0/0    10:12   0:00   0:00 
Alex DeBrincat           1  1  2   0  0   6  3  0  1  0  0/0    22:35   7:02   0:00 
Alexander Edler          0  0  0   0  2   1  3  0  0  0  0/0    22:49   4:56   0:00 
Alexandre Carrier        0  0  0   2  0   1  2  0  0  1  0/0    22:37   6:06   0:00 
Brad Marchand            1  1  2   1  0   9  4  1  0  0  0/3    22:41   7:00   0:00 
Brandon Carlo            0  0  0   0  0   1  1  2  0  2  0/0    14:33   0:00   0:34 
Brayden McNabb           0  0  0   0  0   0  1  0  0  0  0/0    13:59   0:00   0:00 
Cam Atkinson             0  0  0   1  0   1  1  0  3  0  0/1    18:40   3:14   0:00 
Chris Tierney            0  0  0   0  0   1  0  0  0  0  3/4     8:26   0:39   0:34 
Devon Toews              0  1  1   0  0   1  0  1  0  2  0/0    22:50   4:56   0:00 
Elias Lindholm           0  0  0   0  0   4  1  0  0  0  13/19  18:32   3:14   0:00 
Jack Eichel              0  1  1   1  0   3  0  0  0  0  4/8    11:03   0:51   0:00 
Jesper Fast              0  0  0   0  0   1  0  0  0  0  0/1     8:18   0:31   0:34 
Mario Ferraro            0  0  0   2  0   2  2  1  0  2  0/0    23:11   6:06   0:34 
Nic Petan                0  0  0   0  0   1  0  0  0  0  0/0     7:13   0:00   0:00 
Nikita Kucherov          0  0  0   0  0   4  1  0  1  0  2/2    18:32   3:14   0:00 
Patrice Bergeron         1  2  3   1  0   5  1  0  3  0  20/32  22:41   7:00   0:00 
William Nylander         0  1  1   1  0   2  1  1  1  0  0/2    10:33   0:21   0:00 

3 Stars

1 - Patrice Bergeron (MIW)
2 - Brad Marchand (MIW)
3 - Jake Oettinger (MIW)

Power Play

Canucks - 1 on 1 Attempt(s) - 100,00%
Wild - 2 on 7 Attempt(s) - 28,57%

Penalty Kill

Canucks - 5 on 7 Attempt(s) - 71,43% - Score 0 goal in Penalty Kill
Wild - 0 on 1 Attempt(s) - 0,00% - Score 0 goal in Penalty Kill

Team Stat

Canucks - Hits : 20 - Faceoff Wins : 30 - Blocked Shots : 11 - Penalty Minutes : 14
Wild - Hits : 21 - Faceoff Wins : 42 - Blocked Shots : 6 - Penalty Minutes : 2

Official

Referees : Ian Walsh and Chris Lee
Linesman : Bryan Pancich and Darren Gibbs

Game Notes

No Game Note

Finance

Level 1 -- Attendance: 5969 (99,48%) -- Ticket Income 596 900 $
Level 2 -- Attendance: 4616 (92,32%) -- Ticket Income 276 960 $
Level 3 -- Attendance: 1909 (95,45%) -- Ticket Income 66 815 $
Level 4 -- Attendance: 3765 (94,13%) -- Ticket Income 75 300 $
Luxury Box -- Attendance: 884 (88,40%) -- Ticket Income 176 800 $
Game was played at the Xcel Enery Center.
Total Attendance: 17143 (95,24%)
Total Ticket Income: 1 192 775 $
Other Income: 584 460 $
Total Income: 1 777 235 $

Canucks

5 vs 5 Forward 
   Center                   Left Wing                Right Wing               Time % Phy DF OF 
 1 Ryan Getzlaf             Alex Killorn             Blake Wheeler            40     1   2  2  
 2 Cole Sillinger           Dominik Kubalik          Denis Gurianov           30     1   2  2  
 3 Mika Zibanejad           Jason Dickinson          Pierre Engvall           20     1   2  2  
 4 Eetu Luostarinen         Gerald Mayhew            Mika Zibanejad           10     1   2  2  

5 vs 5 Defense 
   Defense                  Defense                                           Time % Phy DF OF 
 1 Erik Johnson             Oscar Klefbom                                     40     1   2  2  
 2 Matt Grzelcyk            Quinn Hughes                                      30     1   2  2  
 3 Darnell Nurse            Charlie McAvoy                                    20     1   2  2  
 4 Erik Johnson             Oscar Klefbom                                     10     1   2  2  

PowerPlay Forward 
   Center                   Left Wing                Right Wing               Time % Phy DF OF 
 1 Mika Zibanejad           Dominik Kubalik          Blake Wheeler            60     1   2  2  
 2 Ryan Getzlaf             Jason Dickinson          Denis Gurianov           40     1   2  2  

PowerPlay Defense
   Defense                  Defense                                           Time % Phy DF OF 
 1 Matt Grzelcyk            Oscar Klefbom                                     60     1   2  2  
 2 Erik Johnson             Quinn Hughes                                      40     1   2  2  

Penalty Kill 4 Players Forward 
   Center                   Wing                     Time % Phy DF OF 
 1 Mika Zibanejad           Jason Dickinson          60     1   2  2  
 2 Ryan Getzlaf             Dominik Kubalik          40     1   2  2  

Penalty Kill 4 Players Defense
   Defense                  Defense                  Time % Phy DF OF 
 1 Matt Grzelcyk            Oscar Klefbom            60     1   2  2  
 2 Erik Johnson             Quinn Hughes             40     1   2  2  

Penalty Kill - 3 Players Forward 
   Forward                                           Time % Phy DF OF 
 1 Mika Zibanejad                                    60     1   2  2  
 2 Dominik Kubalik                                   40     1   2  2  

Penalty Kill - 3 Players Defense
   Defense                  Defense                  Time % Phy DF OF 
 1 Matt Grzelcyk            Oscar Klefbom            60     1   2  2  
 2 Erik Johnson             Quinn Hughes             40     1   2  2  

4 vs 4 Forward 
   Center                   Wing                     Time % Phy DF OF 
 1 Mika Zibanejad           Cole Sillinger           60     1   2  2  
 2 Ryan Getzlaf             Dominik Kubalik          40     1   2  2  

4 vs 4 Defense
   Defense                  Defense                  Time % Phy DF OF 
 1 Matt Grzelcyk            Oscar Klefbom            60     1   2  2  
 2 Erik Johnson             Quinn Hughes             40     1   2  2  

Last Minutes Offensive
   Center                   Left Wing                Right Wing               Defense                  Defense                  
   Mika Zibanejad           Dominik Kubalik          Blake Wheeler            Quinn Hughes             Oscar Klefbom            

Last Minutes Defensive
   Center                   Left Wing                Right Wing               Defense                  Defense                  
   Mika Zibanejad           Dominik Kubalik          Blake Wheeler            Quinn Hughes             Oscar Klefbom            

Goaltenders
Starting : Ben Bishop               
Backup : Chris Driedger           

Extra Forwards
Normal : Mika Zibanejad, Cole Sillinger, Dominik Kubalik - PP : Mika Zibanejad, Cole Sillinger - PK : Mika Zibanejad
Extra Defensemen
Normal : Matt Grzelcyk, Oscar Klefbom, Erik Johnson - PP : Matt Grzelcyk - PK : Oscar Klefbom, Erik Johnson
Penalty Shots
Mika Zibanejad, Blake Wheeler, Ryan Getzlaf, Dominik Kubalik, Jason Dickinson
Custom OT Lines Forwards
Mika Zibanejad, Blake Wheeler, Ryan Getzlaf, Dominik Kubalik, Jason Dickinson, Denis Gurianov, Cole Sillinger, Alex Killorn, Pierre Engvall, Eetu Luostarinen
Custom OT Lines Defensemen
Darnell Nurse, Oscar Klefbom, Erik Johnson, Quinn Hughes, Matt Grzelcyk

Scratches
Michael McLeod (Healthy)

Wild

5 vs 5 Forward 
   Center                   Left Wing                Right Wing               Time % Phy DF OF 
 1 Patrice Bergeron         Brad Marchand            Cam Atkinson             33     0   1  4  
 2 Elias Lindholm           Alex DeBrincat           Nikita Kucherov          33     0   1  4  
 3 Jack Eichel              William Nylander         Adrian Kempe             24     0   1  4  
 4 Chris Tierney            Jesper Fast              Nic Petan                10     1   3  1  

5 vs 5 Defense 
   Defense                  Defense                                           Time % Phy DF OF 
 1 Devon Toews              Alexander Edler                                   35     1   1  3  
 2 Alexandre Carrier        Mario Ferraro                                     35     1   1  3  
 3 Brandon Carlo            Brayden McNabb                                    30     1   1  3  
 4 Devon Toews              Alexander Edler                                   0      1   2  2  

PowerPlay Forward 
   Center                   Left Wing                Right Wing               Time % Phy DF OF 
 1 Patrice Bergeron         Brad Marchand            Alex DeBrincat           60     0   0  5  
 2 Elias Lindholm           Nikita Kucherov          Cam Atkinson             40     0   0  5  

PowerPlay Defense
   Defense                  Defense                                           Time % Phy DF OF 
 1 Devon Toews              Alexander Edler                                   50     0   1  4  
 2 Alexandre Carrier        Mario Ferraro                                     50     0   1  4  

Penalty Kill 4 Players Forward 
   Center                   Wing                     Time % Phy DF OF 
 1 Chris Tierney            Jesper Fast              65     0   4  1  
 2 Elias Lindholm           Cam Atkinson             35     0   4  1  

Penalty Kill 4 Players Defense
   Defense                  Defense                  Time % Phy DF OF 
 1 Brayden McNabb           Alexander Edler          50     1   4  0  
 2 Mario Ferraro            Brandon Carlo            50     1   4  0  

Penalty Kill - 3 Players Forward 
   Forward                                           Time % Phy DF OF 
 1 Chris Tierney                                     60     1   2  2  
 2 Elias Lindholm                                    40     1   2  2  

Penalty Kill - 3 Players Defense
   Defense                  Defense                  Time % Phy DF OF 
 1 Brandon Carlo            Alexander Edler          60     0   5  0  
 2 Brandon Carlo            Mario Ferraro            40     0   5  0  

4 vs 4 Forward 
   Center                   Wing                     Time % Phy DF OF 
 1 Patrice Bergeron         Brad Marchand            60     1   2  2  
 2 Elias Lindholm           Nikita Kucherov          40     1   2  2  

4 vs 4 Defense
   Defense                  Defense                  Time % Phy DF OF 
 1 Devon Toews              Alexander Edler          60     1   2  2  
 2 Alexandre Carrier        Mario Ferraro            40     1   2  2  

Last Minutes Offensive
   Center                   Left Wing                Right Wing               Defense                  Defense                  
   Patrice Bergeron         Brad Marchand            Alex DeBrincat           Devon Toews              Alexandre Carrier        

Last Minutes Defensive
   Center                   Left Wing                Right Wing               Defense                  Defense                  
   Chris Tierney            Jesper Fast              Elias Lindholm           Mario Ferraro            Alexander Edler          

Goaltenders
Starting : Jake Oettinger           
Backup : Linus Ullmark            

Extra Forwards
Normal : Chris Tierney, Brad Marchand, Alex DeBrincat - PP : Chris Tierney, Jack Eichel - PK : Jesper Fast
Extra Defensemen
Normal : Brandon Carlo, Devon Toews, Alexandre Carrier - PP : Brandon Carlo - PK : Devon Toews, Alexander Edler
Penalty Shots
Jack Eichel, Brad Marchand, Patrice Bergeron, Elias Lindholm, William Nylander
Custom OT Lines Forwards
Jack Eichel, Brad Marchand, Patrice Bergeron, Elias Lindholm, Alex DeBrincat, Chris Tierney, Adrian Kempe, Nikita Kucherov, William Nylander, Cam Atkinson
Custom OT Lines Defensemen
Devon Toews, Alexander Edler, Alexandre Carrier, Brayden McNabb, Brandon Carlo

Scratches
None


% Time on Ice - Canucks

Lines # - Real PCT - Wanted PCT - Time Play
Normal Forward
1 - 39% - 40% - 19:00
2 - 29% - 30% - 14:00
3 - 21% - 20% - 10:05
4 - 11% - 10% - 5:19
Normal Defense
1 - 41% - 40% - 19:59
2 - 31% - 30% - 15:11
3 - 23% - 20% - 11:14
4 - 4% - 10% - 2:00
PP Forward
1 - 100% - 60% - 0:34
2 - 0% - 40% - 0:00
PP Defense
1 - 100% - 60% - 0:34
2 - 0% - 40% - 0:00
PK Forward
1 - 72% - 60% - 7:54
2 - 28% - 40% - 3:08
PK Defense
1 - 78% - 60% - 8:34
2 - 22% - 40% - 2:28
PK3 Forward
1 - 0% - 60%
2 - 0% - 40%
PK3 Defense
1 - 0% - 60%
2 - 0% - 40%
44 Forward
1 - 0% - 60%
2 - 0% - 40%
44 Defense
1 - 0% - 60%
2 - 0% - 40%
Last Minute Offensive  - 0:00
Last Minute Defensive  - 0:00
Total
Forward - 60:00
Defense - 60:00

% Time on Ice - Wild

Lines # - Real PCT - Wanted PCT - Time Play
Normal Forward
1 - 32% - 33% - 15:41
2 - 32% - 33% - 15:18
3 - 21% - 24% - 10:12
4 - 15% - 10% - 7:13
Normal Defense
1 - 37% - 35% - 17:54
2 - 34% - 35% - 16:31
3 - 29% - 30% - 13:59
4 - 0% - 0% - 0:00
PP Forward
1 - 71% - 60% - 7:48
2 - 29% - 40% - 3:14
PP Defense
1 - 45% - 50% - 4:56
2 - 55% - 50% - 6:06
PK Forward
1 - 100% - 65% - 0:34
2 - 0% - 35% - 0:00
PK Defense
1 - 0% - 50% - 0:00
2 - 100% - 50% - 0:34
PK3 Forward
1 - 0% - 60%
2 - 0% - 40%
PK3 Defense
1 - 0% - 60%
2 - 0% - 40%
44 Forward
1 - 0% - 60%
2 - 0% - 40%
44 Defense
1 - 0% - 60%
2 - 0% - 40%
Last Minute Offensive  - 0:00
Last Minute Defensive  - 0:00
Total
Forward - 60:00
Defense - 60:00

Play-by-Play

1st period


0:01 of 1st period - Patrice Bergeron wins face-off versus Ryan Getzlaf in neutral zone.
0:08 of 1st period - Wrist shot by Brad Marchand.
0:08 of 1st period - Deflect By Patrice Bergeron.
0:08 of 1st period - Shot Misses the Net.
0:08 of 1st period - Puck is out of play.
0:09 of 1st period - Ryan Getzlaf wins face-off versus Patrice Bergeron in Canucks zone.
0:46 of 1st period - Snap shot by Brad Marchand.
0:46 of 1st period - Shot Misses the Net.
0:48 of 1st period - Slapshot by Brad Marchand.
0:48 of 1st period - Stopped by Ben Bishop without a rebound.
0:49 of 1st period - Elias Lindholm wins face-off versus Cole Sillinger in Canucks zone.
1:37 of 1st period - Brandon Carlo is hit by Gerald Mayhew.
1:57 of 1st period - Darnell Nurse is hit by Alex DeBrincat and loses puck.
2:34 of 1st period - Adrian Kempe is hit by Jason Dickinson and loses puck.
2:53 of 1st period - Wrist shot by Blake Wheeler.
2:53 of 1st period - Shot Misses the Net.
2:55 of 1st period - Slapshot by Oscar Klefbom.
2:55 of 1st period - Stopped by Jake Oettinger without a rebound.
2:56 of 1st period - Ryan Getzlaf wins face-off versus Elias Lindholm in Wild zone.
3:11 of 1st period - Snap shot by Blake Wheeler.
3:11 of 1st period - Stopped by Jake Oettinger without a rebound.
3:12 of 1st period - Chris Tierney wins face-off versus Cole Sillinger in Wild zone.
3:17 of 1st period - Denis Gurianov is hit by Alexandre Carrier and loses puck.
3:44 of 1st period - Wrist shot by Elias Lindholm.
3:44 of 1st period - Shot Misses the Net.
3:46 of 1st period - Snap shot by Alex DeBrincat.
3:46 of 1st period - Stopped by Ben Bishop without a rebound.
3:47 of 1st period - Nikita Kucherov wins face-off versus Mika Zibanejad in Canucks zone.
3:48 of 1st period - Slapshot by Alex DeBrincat.
3:48 of 1st period - Shot Misses the Net.
4:14 of 1st period - Alexander Edler is hit by Blake Wheeler.
4:26 of 1st period - Slapshot by Brad Marchand.
4:26 of 1st period - Stopped by Ben Bishop with a rebound.
4:46 of 1st period - Snap shot by Jack Eichel.
4:46 of 1st period - Stopped by Ben Bishop with a rebound.
4:58 of 1st period - Alexandre Carrier is hit by Mika Zibanejad and loses puck.
5:07 of 1st period - Slapshot by Jesper Fast.
5:07 of 1st period - Deflect By Nic Petan.
5:07 of 1st period - Shot Blocked by Mika Zibanejad.
5:07 of 1st period - Puck is out of play.
5:08 of 1st period - Elias Lindholm wins face-off versus Ryan Getzlaf in Canucks zone.
5:43 of 1st period - Slapshot by Mika Zibanejad.
5:43 of 1st period - Deflect By Jason Dickinson.
5:43 of 1st period - Shot Hit the Post.
5:43 of 1st period - Puck is out of play.
5:44 of 1st period - Jack Eichel wins face-off versus Cole Sillinger in Wild zone.
5:44 of 1st period - Jack Eichel is hit by Dominik Kubalik.
6:00 of 1st period - Wrist shot by Cole Sillinger.
6:00 of 1st period - Stopped by Jake Oettinger with a rebound.
6:12 of 1st period - Slapshot by Quinn Hughes.
6:12 of 1st period - Deflect By Mika Zibanejad.
6:12 of 1st period - Shot Misses the Net.
6:12 of 1st period - Puck is out of play.
6:13 of 1st period - Elias Lindholm wins face-off versus Mika Zibanejad in Wild zone.
6:42 of 1st period - Snap shot by Blake Wheeler.
6:42 of 1st period - Stopped by Jake Oettinger without a rebound.
6:43 of 1st period - Patrice Bergeron wins face-off versus Ryan Getzlaf in Wild zone.
6:52 of 1st period - Snap shot by Brad Marchand.
6:52 of 1st period - Stopped by Ben Bishop with a rebound.
6:58 of 1st period - Wrist shot by Alex Killorn.
6:58 of 1st period - Shot Blocked by Devon Toews.
7:08 of 1st period - Alex DeBrincat is hit by Cole Sillinger and loses puck.
7:17 of 1st period - Snap shot by Alex DeBrincat.
7:17 of 1st period - Shot Blocked by Denis Gurianov.
7:19 of 1st period - Snap shot by Elias Lindholm.
7:19 of 1st period - Shot Blocked by Denis Gurianov.
7:29 of 1st period - Wrist shot by Dominik Kubalik.
7:29 of 1st period - Deflect By Mika Zibanejad.
7:29 of 1st period - Stopped by Jake Oettinger without a rebound.
7:30 of 1st period - Eetu Luostarinen wins face-off versus William Nylander in Wild zone.
7:39 of 1st period - Slapshot by Mika Zibanejad.
7:39 of 1st period - Deflect By Gerald Mayhew.
7:39 of 1st period - Stopped by Jake Oettinger with a rebound.
7:41 of 1st period - Snap shot by Eetu Luostarinen.
7:41 of 1st period - Deflect By Mika Zibanejad.
7:41 of 1st period - Shot Misses the Net.
7:41 of 1st period - Puck is out of play.
7:42 of 1st period - Ryan Getzlaf wins face-off versus Patrice Bergeron in Wild zone.
8:04 of 1st period - Icing by Brandon Carlo.
8:05 of 1st period - Elias Lindholm wins face-off versus Cole Sillinger in Wild zone.
8:09 of 1st period - Minor Penalty to Cole Sillinger for Hooking.
8:10 of 1st period - Patrice Bergeron wins face-off versus Mika Zibanejad in Canucks zone.
10:09 of 1st period - Penalty to Cole Sillinger is over, Cole Sillinger is back on ice.
11:00 of 1st period - Off-side.
11:01 of 1st period - Jack Eichel wins face-off versus Cole Sillinger in neutral zone.
11:04 of 1st period - Snap shot by Jack Eichel.
11:04 of 1st period - Deflect By William Nylander.
11:04 of 1st period - Stopped by Ben Bishop with a rebound.
11:06 of 1st period - Snap shot by William Nylander.
11:06 of 1st period - Deflect By Adrian Kempe.
11:06 of 1st period - Goal by Adrian Kempe - Canucks : 0 - Wild : 1.
11:07 of 1st period - Patrice Bergeron wins face-off versus Ryan Getzlaf in neutral zone.
11:14 of 1st period - Backhand shot by Patrice Bergeron.
11:14 of 1st period - Stopped by Ben Bishop without a rebound.
11:15 of 1st period - Patrice Bergeron wins face-off versus Ryan Getzlaf in Canucks zone.
11:52 of 1st period - Pierre Engvall is hit by Elias Lindholm and loses puck.
12:45 of 1st period - Snap shot by Jason Dickinson.
12:45 of 1st period - Shot Misses the Net.
12:59 of 1st period - Snap shot by Jason Dickinson.
12:59 of 1st period - Deflect By Mika Zibanejad.
12:59 of 1st period - Stopped by Jake Oettinger without a rebound.
13:00 of 1st period - Patrice Bergeron wins face-off versus Ryan Getzlaf in Wild zone.
13:05 of 1st period - Wrist shot by Patrice Bergeron.
13:05 of 1st period - Shot Blocked by Ryan Getzlaf.
13:30 of 1st period - Icing by Brayden McNabb.
13:31 of 1st period - Patrice Bergeron wins face-off versus Cole Sillinger in Wild zone.
13:38 of 1st period - Slapshot by William Nylander.
13:38 of 1st period - Stopped by Ben Bishop without a rebound.
13:39 of 1st period - Jack Eichel wins face-off versus Ryan Getzlaf in Canucks zone.
13:40 of 1st period - Snap shot by William Nylander.
13:40 of 1st period - Shot Blocked by Alex Killorn.
14:30 of 1st period - Brandon Carlo is hit by Mika Zibanejad and loses puck.
14:45 of 1st period - Blake Wheeler is hit by Alex DeBrincat and loses puck.
15:02 of 1st period - Mario Ferraro is hit by Mika Zibanejad and loses puck.
15:23 of 1st period - Snap shot by Brad Marchand.
15:23 of 1st period - Shot Misses the Net.
15:25 of 1st period - Wrist shot by Brad Marchand.
15:25 of 1st period - Shot Misses the Net.
16:00 of 1st period - Ryan Getzlaf is hit by Alexander Edler.
16:10 of 1st period - Snap shot by Alex DeBrincat.
16:10 of 1st period - Shot Blocked by Matt Grzelcyk.
17:21 of 1st period - Jason Dickinson is hit by Mario Ferraro and loses puck.
18:35 of 1st period - Charlie McAvoy is hit by Alex DeBrincat and loses puck.
18:48 of 1st period - Wrist shot by Alex DeBrincat.
18:48 of 1st period - Stopped by Ben Bishop with a rebound.
18:58 of 1st period - Jason Dickinson is hit by Cam Atkinson and loses puck.
19:07 of 1st period - Slapshot by Brad Marchand.
19:07 of 1st period - Shot Misses the Net.
19:09 of 1st period - Wrist shot by Brad Marchand.
19:09 of 1st period - Shot Misses the Net.
19:27 of 1st period - Eetu Luostarinen is hit by William Nylander and loses puck.
Goals for this period are 0 for Canucks vs 1 for Wild.
Shots for this period are 7 for Canucks vs 10 for Wild.

2nd period


0:01 of 2nd period - Patrice Bergeron wins face-off versus Ryan Getzlaf in neutral zone.
0:28 of 2nd period - Wrist shot by Dominik Kubalik.
0:28 of 2nd period - Stopped by Jake Oettinger with a rebound.
0:33 of 2nd period - Icing by Nikita Kucherov.
0:34 of 2nd period - Elias Lindholm wins face-off versus Cole Sillinger in Wild zone.
0:40 of 2nd period - Off-side.
0:41 of 2nd period - Ryan Getzlaf wins face-off versus Brad Marchand in neutral zone.
0:52 of 2nd period - Wrist shot by Alex Killorn.
0:52 of 2nd period - Stopped by Jake Oettinger without a rebound.
0:53 of 2nd period - Ryan Getzlaf wins face-off versus Patrice Bergeron in Wild zone.
1:23 of 2nd period - Snap shot by Nikita Kucherov.
1:23 of 2nd period - Shot Blocked by Mika Zibanejad.
2:07 of 2nd period - Jesper Fast is hit by Alex Killorn and loses puck.
2:48 of 2nd period - Wrist shot by Brad Marchand.
2:48 of 2nd period - Stopped by Ben Bishop with a rebound.
2:50 of 2nd period - Slapshot by Devon Toews.
2:50 of 2nd period - Stopped by Ben Bishop with a rebound.
2:52 of 2nd period - Wrist shot by Cam Atkinson.
2:52 of 2nd period - Stopped by Ben Bishop with a rebound.
3:24 of 2nd period - Snap shot by Mika Zibanejad.
3:24 of 2nd period - Stopped by Jake Oettinger without a rebound.
3:25 of 2nd period - Mika Zibanejad wins face-off versus Jack Eichel in Wild zone.
3:28 of 2nd period - Slapshot by Jason Dickinson.
3:28 of 2nd period - Shot Blocked by William Nylander.
3:32 of 2nd period - Snap shot by Mika Zibanejad.
3:32 of 2nd period - Shot Misses the Net.
3:34 of 2nd period - Backhand shot by Erik Johnson.
3:34 of 2nd period - Shot Misses the Net.
3:36 of 2nd period - Wrist shot by Jason Dickinson.
3:36 of 2nd period - Shot Misses the Net.
3:38 of 2nd period - Snap shot by Pierre Engvall.
3:38 of 2nd period - Shot Blocked by Brandon Carlo.
3:40 of 2nd period - Slapshot by Erik Johnson.
3:40 of 2nd period - Stopped by Jake Oettinger with a rebound.
3:54 of 2nd period - Wrist shot by Brad Marchand.
3:54 of 2nd period - Deflect By Patrice Bergeron.
3:54 of 2nd period - Stopped by Ben Bishop with a rebound.
3:56 of 2nd period - Snap shot by Brad Marchand.
3:56 of 2nd period - Stopped by Ben Bishop without a rebound.
3:57 of 2nd period - Ryan Getzlaf wins face-off versus Patrice Bergeron in Canucks zone.
4:02 of 2nd period - Snap shot by Blake Wheeler.
4:02 of 2nd period - Shot Misses the Net.
4:04 of 2nd period - Snap shot by Blake Wheeler.
4:04 of 2nd period - Shot Hit the Post.
4:06 of 2nd period - Snap shot by Ryan Getzlaf.
4:06 of 2nd period - Stopped by Jake Oettinger with a rebound.
4:29 of 2nd period - Snap shot by Nikita Kucherov.
4:29 of 2nd period - Stopped by Ben Bishop without a rebound.
4:30 of 2nd period - Elias Lindholm wins face-off versus Alex Killorn in Canucks zone.
4:46 of 2nd period - Icing by Nikita Kucherov.
4:47 of 2nd period - Elias Lindholm wins face-off versus Cole Sillinger in Wild zone.
4:47 of 2nd period - Elias Lindholm is hit by Oscar Klefbom.
5:29 of 2nd period - Wrist shot by Nikita Kucherov.
5:29 of 2nd period - Stopped by Ben Bishop with a rebound.
5:33 of 2nd period - Backhand shot by Alex DeBrincat.
5:33 of 2nd period - Stopped by Ben Bishop without a rebound.
5:34 of 2nd period - Patrice Bergeron wins face-off versus Ryan Getzlaf in Canucks zone.
5:35 of 2nd period - Wrist shot by Brad Marchand.
5:35 of 2nd period - Shot Blocked by Ryan Getzlaf.
6:47 of 2nd period - Snap shot by Blake Wheeler.
6:47 of 2nd period - Deflect By Alexandre Carrier.
6:47 of 2nd period - Shot Misses the Net.
6:47 of 2nd period - Puck is out of play.
6:48 of 2nd period - Patrice Bergeron wins face-off versus Ryan Getzlaf in Wild zone.
8:40 of 2nd period - Snap shot by Jack Eichel.
8:40 of 2nd period - Stopped by Ben Bishop with a rebound.
8:42 of 2nd period - Wrist shot by William Nylander.
8:42 of 2nd period - Shot Misses the Net.
9:11 of 2nd period - Slapshot by Mika Zibanejad.
9:11 of 2nd period - Shot Misses the Net.
9:23 of 2nd period - Brad Marchand is hit by Eetu Luostarinen and loses puck.
9:52 of 2nd period - Adrian Kempe is hit by Darnell Nurse and loses puck.
11:11 of 2nd period - Snap shot by Patrice Bergeron.
11:11 of 2nd period - Stopped by Ben Bishop without a rebound.
11:12 of 2nd period - Elias Lindholm wins face-off versus Cole Sillinger in Canucks zone.
11:17 of 2nd period - Wrist shot by Elias Lindholm.
11:17 of 2nd period - Stopped by Ben Bishop with a rebound.
11:19 of 2nd period - Snap shot by Elias Lindholm.
11:19 of 2nd period - Stopped by Ben Bishop with a rebound.
11:21 of 2nd period - Wrist shot by Alex DeBrincat.
11:21 of 2nd period - Shot Misses the Net.
11:23 of 2nd period - Snap shot by Nikita Kucherov.
11:23 of 2nd period - Deflect By Alex DeBrincat.
11:23 of 2nd period - Stopped by Ben Bishop without a rebound.
11:24 of 2nd period - Ryan Getzlaf wins face-off versus Patrice Bergeron in Canucks zone.
12:12 of 2nd period - Snap shot by Jesper Fast.
12:12 of 2nd period - Shot Misses the Net.
12:24 of 2nd period - Wrist shot by Chris Tierney.
12:24 of 2nd period - Shot Blocked by Pierre Engvall.
12:34 of 2nd period - Slapshot by Adrian Kempe.
12:34 of 2nd period - Stopped by Ben Bishop without a rebound.
12:35 of 2nd period - Ryan Getzlaf wins face-off versus Jack Eichel in Canucks zone.
12:42 of 2nd period - Wrist shot by Blake Wheeler.
12:42 of 2nd period - Shot Misses the Net.
12:48 of 2nd period - Snap shot by Blake Wheeler.
12:48 of 2nd period - Stopped by Jake Oettinger without a rebound.
12:49 of 2nd period - Ryan Getzlaf wins face-off versus Cam Atkinson in Wild zone.
13:16 of 2nd period - Alex DeBrincat is hit by Erik Johnson and loses puck.
13:32 of 2nd period - Minor Penalty to Oscar Klefbom for Slashing.
13:33 of 2nd period - Patrice Bergeron wins face-off versus Mika Zibanejad in Canucks zone.
13:34 of 2nd period - Slapshot by Brad Marchand.
13:34 of 2nd period - Deflect By Alex DeBrincat.
13:34 of 2nd period - Stopped by Ben Bishop without a rebound.
13:35 of 2nd period - Mika Zibanejad wins face-off versus Brad Marchand in Canucks zone.
15:04 of 2nd period - Wrist shot by Alex DeBrincat.
15:04 of 2nd period - Goal by Alex DeBrincat - Canucks : 0 - Wild : 2.
15:05 of 2nd period - Ryan Getzlaf wins face-off versus Jack Eichel in neutral zone.
15:08 of 2nd period - Wrist shot by Blake Wheeler.
15:08 of 2nd period - Stopped by Jake Oettinger without a rebound.
15:09 of 2nd period - Jack Eichel wins face-off versus Ryan Getzlaf in Wild zone.
15:09 of 2nd period - Jack Eichel is hit by Blake Wheeler.
15:14 of 2nd period - Off-side.
15:15 of 2nd period - Ryan Getzlaf wins face-off versus William Nylander in neutral zone.
15:31 of 2nd period - Snap shot by Alex Killorn.
15:31 of 2nd period - Stopped by Jake Oettinger without a rebound.
15:32 of 2nd period - Elias Lindholm wins face-off versus Cole Sillinger in Wild zone.
15:43 of 2nd period - Wrist shot by Elias Lindholm.
15:43 of 2nd period - Stopped by Ben Bishop without a rebound.
15:44 of 2nd period - Patrice Bergeron wins face-off versus Ryan Getzlaf in Canucks zone.
16:01 of 2nd period - Snap shot by Brad Marchand.
16:01 of 2nd period - Goal by Brad Marchand - Canucks : 0 - Wild : 3.
16:02 of 2nd period - Patrice Bergeron wins face-off versus Ryan Getzlaf in neutral zone.
16:05 of 2nd period - Wrist shot by Brad Marchand.
16:05 of 2nd period - Stopped by Ben Bishop with a rebound.
16:07 of 2nd period - Double Minor Penalty to Blake Wheeler for Slashing.
16:08 of 2nd period - Patrice Bergeron wins face-off versus Mika Zibanejad in Canucks zone.
17:28 of 2nd period - Jason Dickinson is hit by Patrice Bergeron and loses puck.
19:15 of 2nd period - Matt Grzelcyk is hit by Alexander Edler and loses puck.
19:42 of 2nd period - Slapshot by Quinn Hughes.
19:42 of 2nd period - Shot Blocked by Brad Marchand.
Goals for this period are 0 for Canucks vs 2 for Wild.
Shots for this period are 8 for Canucks vs 19 for Wild.

3rd period


0:01 of 3rd period - Patrice Bergeron wins face-off versus Jason Dickinson in neutral zone.
0:07 of 3rd period - Penalty to Blake Wheeler is over, Blake Wheeler is back on ice.
0:41 of 3rd period - Snap shot by Jesper Fast.
0:41 of 3rd period - Shot Misses the Net.
0:57 of 3rd period - Slapshot by Mika Zibanejad.
0:57 of 3rd period - Shot Misses the Net.
0:59 of 3rd period - Wrist shot by Gerald Mayhew.
0:59 of 3rd period - Shot Hit the Post.
1:01 of 3rd period - Snap shot by Eetu Luostarinen.
1:01 of 3rd period - Stopped by Jake Oettinger with a rebound.
1:03 of 3rd period - Slapshot by Darnell Nurse.
1:03 of 3rd period - Shot Misses the Net.
1:05 of 3rd period - Slapshot by Darnell Nurse.
1:05 of 3rd period - Shot Misses the Net.
1:11 of 3rd period - Minor Penalty to Alexander Edler for High sticking.
1:12 of 3rd period - Mika Zibanejad wins face-off versus Chris Tierney in Wild zone.
1:17 of 3rd period - Wrist shot by Mika Zibanejad.
1:17 of 3rd period - Shot Misses the Net.
1:19 of 3rd period - Wrist shot by Blake Wheeler.
1:19 of 3rd period - Stopped by Jake Oettinger without a rebound.
1:20 of 3rd period - Chris Tierney wins face-off versus Mika Zibanejad in Wild zone.
1:43 of 3rd period - Snap shot by Mika Zibanejad.
1:43 of 3rd period - Shot Misses the Net.
1:45 of 3rd period - Slapshot by Dominik Kubalik.
1:45 of 3rd period - Goal by Dominik Kubalik - Canucks : 1 - Wild : 3.
1:46 of 3rd period - Elias Lindholm wins face-off versus Ryan Getzlaf in neutral zone.
2:02 of 3rd period - Snap shot by Nikita Kucherov.
2:02 of 3rd period - Stopped by Ben Bishop without a rebound.
2:03 of 3rd period - Patrice Bergeron wins face-off versus Cole Sillinger in Canucks zone.
2:06 of 3rd period - Wrist shot by Brad Marchand.
2:06 of 3rd period - Shot Misses the Net.
2:16 of 3rd period - Wrist shot by Brad Marchand.
2:16 of 3rd period - Stopped by Ben Bishop with a rebound.
2:23 of 3rd period - Minor Penalty to Matt Grzelcyk for Hooking.
2:24 of 3rd period - Mika Zibanejad wins face-off versus Brad Marchand in Canucks zone.
2:32 of 3rd period - Snap shot by Brad Marchand.
2:32 of 3rd period - Stopped by Ben Bishop without a rebound.
2:33 of 3rd period - Mika Zibanejad wins face-off versus Patrice Bergeron in Canucks zone.
2:43 of 3rd period - Slapshot by Devon Toews.
2:43 of 3rd period - Deflect By Patrice Bergeron.
2:43 of 3rd period - Goal by Patrice Bergeron - Canucks : 1 - Wild : 4.
2:44 of 3rd period - Ryan Getzlaf wins face-off versus Elias Lindholm in neutral zone.
2:55 of 3rd period - Snap shot by Blake Wheeler.
2:55 of 3rd period - Stopped by Jake Oettinger without a rebound.
2:56 of 3rd period - Elias Lindholm wins face-off versus Ryan Getzlaf in Wild zone.
3:01 of 3rd period - Snap shot by Alex DeBrincat.
3:01 of 3rd period - Shot Misses the Net.
3:31 of 3rd period - Wrist shot by Dominik Kubalik.
3:31 of 3rd period - Shot Misses the Net.
3:33 of 3rd period - Slapshot by Oscar Klefbom.
3:33 of 3rd period - Deflect By Dominik Kubalik.
3:33 of 3rd period - Stopped by Jake Oettinger without a rebound.
3:34 of 3rd period - Nikita Kucherov wins face-off versus Mika Zibanejad in Wild zone.
3:34 of 3rd period - Nikita Kucherov is hit by Pierre Engvall.
3:46 of 3rd period - Wrist shot by Elias Lindholm.
3:46 of 3rd period - Shot Misses the Net.
3:48 of 3rd period - Slapshot by Brandon Carlo.
3:48 of 3rd period - Stopped by Ben Bishop with a rebound.
3:56 of 3rd period - Minor Penalty to Matt Grzelcyk for Hooking.
3:57 of 3rd period - Mika Zibanejad wins face-off versus Patrice Bergeron in Canucks zone.
3:57 of 3rd period - Mika Zibanejad is hit by Alexandre Carrier.
4:24 of 3rd period - Off-side.
4:25 of 3rd period - Ryan Getzlaf wins face-off versus Elias Lindholm in neutral zone.
4:28 of 3rd period - Wrist shot by Dominik Kubalik.
4:28 of 3rd period - Stopped by Jake Oettinger without a rebound.
4:29 of 3rd period - Mika Zibanejad wins face-off versus Patrice Bergeron in Wild zone.
4:30 of 3rd period - Slapshot by Jason Dickinson.
4:30 of 3rd period - Stopped by Jake Oettinger without a rebound.
4:31 of 3rd period - Patrice Bergeron wins face-off versus Mika Zibanejad in Wild zone.
4:40 of 3rd period - Oscar Klefbom is hit by Brad Marchand.
5:56 of 3rd period - Penalty to Matt Grzelcyk is over, Matt Grzelcyk is back on ice.
6:16 of 3rd period - Wrist shot by Chris Tierney.
6:16 of 3rd period - Shot Misses the Net.
6:18 of 3rd period - Wrist shot by Alexander Edler.
6:18 of 3rd period - Deflect By Darnell Nurse.
6:18 of 3rd period - Stopped by Ben Bishop without a rebound.
6:19 of 3rd period - Chris Tierney wins face-off versus Cole Sillinger in Canucks zone.
6:20 of 3rd period - Snap shot by Nic Petan.
6:20 of 3rd period - Stopped by Ben Bishop without a rebound.
6:21 of 3rd period - Ryan Getzlaf wins face-off versus Jesper Fast in Canucks zone.
6:35 of 3rd period - Snap shot by Chris Tierney.
6:35 of 3rd period - Shot Blocked by Matt Grzelcyk.
6:37 of 3rd period - Slapshot by Alexandre Carrier.
6:37 of 3rd period - Shot Misses the Net.
6:39 of 3rd period - Slapshot by Nic Petan.
6:39 of 3rd period - Deflect By Jesper Fast.
6:39 of 3rd period - Stopped by Ben Bishop with a rebound.
6:41 of 3rd period - Snap shot by Jesper Fast.
6:41 of 3rd period - Deflect By Chris Tierney.
6:41 of 3rd period - Stopped by Ben Bishop without a rebound.
6:42 of 3rd period - Patrice Bergeron wins face-off versus Cole Sillinger in Canucks zone.
7:15 of 3rd period - Snap shot by Blake Wheeler.
7:15 of 3rd period - Stopped by Jake Oettinger with a rebound.
7:23 of 3rd period - Slapshot by Ryan Getzlaf.
7:23 of 3rd period - Stopped by Jake Oettinger with a rebound.
7:25 of 3rd period - Snap shot by Ryan Getzlaf.
7:25 of 3rd period - Shot Misses the Net.
7:43 of 3rd period - Snap shot by Jack Eichel.
7:43 of 3rd period - Shot Misses the Net.
7:45 of 3rd period - Wrist shot by Adrian Kempe.
7:45 of 3rd period - Deflect By Jack Eichel.
7:45 of 3rd period - Shot Blocked by Gerald Mayhew.
7:45 of 3rd period - Puck is out of play.
7:46 of 3rd period - Ryan Getzlaf wins face-off versus Patrice Bergeron in Canucks zone.
7:51 of 3rd period - Slapshot by Quinn Hughes.
7:51 of 3rd period - Stopped by Jake Oettinger without a rebound.
7:52 of 3rd period - Ryan Getzlaf wins face-off versus Patrice Bergeron in Wild zone.
8:03 of 3rd period - Wrist shot by Alex Killorn.
8:03 of 3rd period - Shot Misses the Net.
8:05 of 3rd period - Snap shot by Quinn Hughes.
8:05 of 3rd period - Shot Blocked by Brandon Carlo.
8:07 of 3rd period - Slapshot by Matt Grzelcyk.
8:07 of 3rd period - Stopped by Jake Oettinger without a rebound.
8:08 of 3rd period - Cole Sillinger wins face-off versus Elias Lindholm in Wild zone.
8:59 of 3rd period - Erik Johnson is hit by Brayden McNabb.
9:41 of 3rd period - Snap shot by Mika Zibanejad.
9:41 of 3rd period - Stopped by Jake Oettinger with a rebound.
10:25 of 3rd period - Alexandre Carrier is hit by Pierre Engvall and loses puck.
10:42 of 3rd period - Alex DeBrincat is hit by Quinn Hughes and loses puck.
11:45 of 3rd period - Snap shot by Nikita Kucherov.
11:45 of 3rd period - Shot Misses the Net.
11:47 of 3rd period - Slapshot by Nikita Kucherov.
11:47 of 3rd period - Stopped by Ben Bishop with a rebound.
11:49 of 3rd period - Slapshot by Mario Ferraro.
11:49 of 3rd period - Stopped by Ben Bishop with a rebound.
11:51 of 3rd period - Snap shot by Elias Lindholm.
11:51 of 3rd period - Shot Misses the Net.
12:03 of 3rd period - Snap shot by Blake Wheeler.
12:03 of 3rd period - Shot Blocked by Mario Ferraro.
12:25 of 3rd period - Chris Tierney is hit by Oscar Klefbom and loses puck.
12:32 of 3rd period - Oscar Klefbom is hit by Mario Ferraro and loses puck.
13:02 of 3rd period - Denis Gurianov is hit by Brandon Carlo and loses puck.
13:25 of 3rd period - Ryan Getzlaf is hit by Brad Marchand and loses puck.
13:38 of 3rd period - Jack Eichel is hit by Oscar Klefbom and loses puck.
14:37 of 3rd period - Jason Dickinson is hit by Brad Marchand and loses puck.
14:48 of 3rd period - Wrist shot by Patrice Bergeron.
14:48 of 3rd period - Stopped by Ben Bishop without a rebound.
14:49 of 3rd period - Ryan Getzlaf wins face-off versus Elias Lindholm in Canucks zone.
14:56 of 3rd period - Wrist shot by Blake Wheeler.
14:56 of 3rd period - Deflect By Alex Killorn.
14:56 of 3rd period - Stopped by Jake Oettinger with a rebound.
14:58 of 3rd period - Slapshot by Ryan Getzlaf.
14:58 of 3rd period - Deflect By Nikita Kucherov.
14:58 of 3rd period - Shot Misses the Net.
14:58 of 3rd period - Puck is out of play.
14:59 of 3rd period - Elias Lindholm wins face-off versus Ryan Getzlaf in Wild zone.
15:22 of 3rd period - Snap shot by Elias Lindholm.
15:22 of 3rd period - Deflect By Alex Killorn.
15:22 of 3rd period - Shot Misses the Net.
15:22 of 3rd period - Puck is out of play.
15:23 of 3rd period - Cole Sillinger wins face-off versus Patrice Bergeron in Canucks zone.
15:23 of 3rd period - Cole Sillinger is hit by Brad Marchand.
15:29 of 3rd period - Slapshot by Oscar Klefbom.
15:29 of 3rd period - Stopped by Jake Oettinger with a rebound.
15:33 of 3rd period - Snap shot by Cole Sillinger.
15:33 of 3rd period - Stopped by Jake Oettinger with a rebound.
15:35 of 3rd period - Slapshot by Oscar Klefbom.
15:35 of 3rd period - Stopped by Jake Oettinger without a rebound.
15:36 of 3rd period - Patrice Bergeron wins face-off versus Ryan Getzlaf in Wild zone.
15:55 of 3rd period - Patrice Bergeron is hit by Ryan Getzlaf and loses puck.
16:25 of 3rd period - Slapshot by Mario Ferraro.
16:25 of 3rd period - Deflect By Mika Zibanejad.
16:25 of 3rd period - Stopped by Ben Bishop with a rebound.
16:27 of 3rd period - Slapshot by Alexandre Carrier.
16:27 of 3rd period - Stopped by Ben Bishop without a rebound.
16:28 of 3rd period - Ryan Getzlaf wins face-off versus Elias Lindholm in Canucks zone.
16:28 of 3rd period - Ryan Getzlaf is hit by Nikita Kucherov.
16:38 of 3rd period - Snap shot by Elias Lindholm.
16:38 of 3rd period - Stopped by Ben Bishop with a rebound.
17:03 of 3rd period - Wrist shot by Jack Eichel.
17:03 of 3rd period - Stopped by Ben Bishop without a rebound.
17:04 of 3rd period - Cole Sillinger wins face-off versus Jack Eichel in Canucks zone.
17:13 of 3rd period - Slapshot by Oscar Klefbom.
17:13 of 3rd period - Stopped by Jake Oettinger without a rebound.
17:14 of 3rd period - Elias Lindholm wins face-off versus Alex Killorn in Wild zone.
18:01 of 3rd period - Icing by Cam Atkinson.
18:02 of 3rd period - Mika Zibanejad wins face-off versus Patrice Bergeron in Wild zone.
18:13 of 3rd period - Blake Wheeler is hit by Alexander Edler and loses puck.
18:38 of 3rd period - Wrist shot by Alex DeBrincat.
18:38 of 3rd period - Shot Misses the Net.
18:46 of 3rd period - Minor Penalty to Dominik Kubalik for Boarding.
18:47 of 3rd period - Patrice Bergeron wins face-off versus Mika Zibanejad in Canucks zone.
Goals for this period are 1 for Canucks vs 1 for Wild.
Shots for this period are 17 for Canucks vs 16 for Wild.